 Dungeon Crawl Stone Soup version 0.27-a0-1272-g7c8ad2e407 (webtiles) character file.

Game seed: 2899597647965203120

3 Anathary the Skirmisher (level 1, -2/18 HPs)
             Began as a Demonspawn Berserker on June 11, 2021.
             Was a Follower of Trog.
             Frozen to death by an endoplasm (5 damage)
             ... on level 1 of the Dungeon.
             The game lasted 00:00:32 (853 turns).

Anathary the Skirmisher (Demonspawn Berserker)       Turns: 853, Time: 00:00:33

Health: -2/18      AC:  2    Str: 17    XL:     1   Next: 41%
Magic:  1/1        EV: 12    Int:  8    God:    Trog [*.....]
Gold:   36         SH:  0    Dex: 12    Spells: 0/0 levels left

rFire    . . .     SeeInvis .   a - +0 hand axe
rCold    . . .     Faith    .   (no shield)
rNeg     . . .     Spirit   .   b - +0 animal skin
rPois    .         Reflect  .   (no helmet)
rElec    .         Harm     .   (no cloak)
rCorr    .         Rampage  .   (no gloves)
Will     .....                  (no boots)
Stlth    +.........             (no amulet)
HPRegen  0.06/turn              (no ring)
MPRegen  0.07/turn              (no ring)

@: no status effects
A: no striking features
a: Renounce Religion, Berserk


You were on level 1 of the Dungeon.
You worshipped Trog.
Trog was aware of your devotion.
You visited 1 branch of the dungeon, and saw 1 of its levels.

You collected 36 gold pieces.

Inventory:

Hand Weapons
 a - a +0 hand axe (weapon)
Armour
 b - a +0 animal skin (worn)
Scrolls
 c - a scroll of identify {unknown}


   Skills:
 + Level 3.1 Fighting
 + Level 2.6 Axes
 + Level 1.7 Armour
 + Level 2.0 Dodging


You couldn't memorise any spells.
You didn't know any spells.
Your spell library was empty.

Dungeon Overview and Level Annotations

Branches:
Dungeon (1/15)

Altars:


Message History

The ball python closely misses you.
The hobgoblin shouts!
You hit the goblin.
The goblin is heavily wounded.
You barely miss the ball python. The goblin hits you with a +0 dagger.
The ball python barely misses you. The ball python grabs you.
The ball python constricts you.
You slash the goblin!
You kill the goblin!
Trog accepts your kill.
You closely miss the ball python. The ball python bites you.
The ball python constricts you.
A frilled lizard comes into view.
You escape the ball python's grasp.
The endoplasm hits you.
You hit the ball python.
The ball python is severely wounded.
The ball python bites you.
* * * LOW HITPOINT WARNING * * *
The ball python closely misses you. The ball python bites you.
* * * LOW HITPOINT WARNING * * *
The ball python closely misses you.
You barely miss the ball python.
The ball python is severely wounded.
The ball python closely misses you. x2
You closely miss the ball python.
The ball python is severely wounded.
The ball python bites you but does no damage.
The ball python misses you. The ball python barely misses you. x2
You barely miss the ball python.
The ball python is severely wounded.
The ball python bites you but does no damage.
The ball python grabs you. The ball python constricts you.
You hit the ball python.
You kill the ball python!
Trog accepts your kill.
Your Dodging skill increases to level 2!
You hit the endoplasm but do no damage. The endoplasm freezes you.
You are frozen.
You die...

...#.# #.....# ..#.# ####.####
#...# #.....# ### #...#
#.##### ....#..)# #.# #.....#
#.# ###.gl# #.# #.. ......#J##
#.# #.# #######@.# #.## #.#
#..# #..####### #.# #..#
#........# ##.##############.#
#....8...# ..............♣♣..#
#...8.8..# ........8..8..♣♣..#
##.8._.8.#
..............♣♣..####..8.8..#
..............♣♣♣.##.....8...#
........8..8...♣♣.##.........#


You could see an endoplasm, a hobgoblin and a frilled lizard.

Vanquished Creatures
  An endoplasm (D:1)
  A goblin (D:1)
  A ball python (D:1)
3 creatures vanquished.

Notes
Turn   | Place    | Note
-------+----------+-------------------------------------------
     0 | D:1      | Anathary the Demonspawn Berserker began the quest for the
                  | Orb.
     0 | D:1      | Reached XP level 1. HP: 18/18 MP: 1/1
   768 | D:1      | Found a faded altar of an unknown god.
   853 | D:1      | Frozen to death by an endoplasm

Illustrated notes

Levels and vault maps discovered:
D:1:      giann_forest_graveyard, layout_basic,
          chequers_ecumenical_altar_simple_redux, serial_shops, shop,
          minmay_tree_intersection, minmay_misc_feat_rows,
          minmay_misc_feat_tower

Skill      XL: |  1 |
---------------+----+-----
Dodging        | 2 |  2.0
Fighting       | |  3.1
Axes           | |  2.6
Armour         | |  1.7

Action                   || total
-------------------------++-------
Melee: Hand axe          ||    10
Armor: Animal skin       ||     2
Dodge: Dodged            ||    10

Table legend: (Time is in decaauts)
 A = Elapsed time spent in this place.
 B = Non-inter-level travel time spent in this place.
 C = Inter-level travel time spent in this place.
 D = Time resting spent in this place.
 E = Time spent auto-exploring this place.
 F = Levels seen in this place.
 G = Mean time per level.
                   A        B        C        D        E       F      G
               +--------+--------+--------+--------+--------+-----+--------+
         Total |    854 |    854 |      0 |    700 |     88 |   1 |  854.0 |
       Dungeon |    854 |    854 |      0 |    700 |     88 |   1 |  854.0 |
               +--------+--------+--------+--------+--------+-----+--------+

Top non-repeatable levels by time:
     D:1: 854 daAuts
